 Dungeon Crawl Stone Soup version 0.20.1-1-g8b1a95d (webtiles) character file.

13561 slep the Carver (level 11, -21/108 HPs)
             Began as a Minotaur Fighter on Nov 2, 2017.
             Was an Elder of Trog.
             Demolished by an orc warrior
             ... wielding a +0 battleaxe
              (23 damage)
             ... on level 11 of the Dungeon on Nov 3, 2017.
             The game lasted 01:07:00 (9281 turns).

slep the Carver (Minotaur Fighter)                  Turns: 9281, Time: 01:07:01

Health: -21/108    AC: 19    Str: 24    XL:     11   Next: 77%
Magic:  19/19      EV: 14    Int:  5    God:    Trog [****..]
Gold:   430        SH:  7    Dex: 18    Spells: 10/10 levels left

rFire    . . .     SeeInvis +   S - +3 dagger of Fimbulwinter {pierce, rElec Str+3 Int-4}
rCold    + . .     Gourm    .   O - +0 buckler "Ockoy" {*Contam rPois Int+4}
rNeg     + . .     Faith    .   D - +3 scale mail
rPois    +         Spirit   .   (helmet restricted)
rElec    +         Reflect  .   R - +2 cloak
rCorr    .         Harm     .   l - +1 pair of gloves of Orthodoxy {rN+ MP+9 Dex+3}
MR       .....                  Q - +1 pair of boots
Stlth    +.........             (no amulet)
Regen    0.3/turn               m - ring of see invisible
MPRegen  0.2/turn               B - ring of protection from cold

@: hasted, very quick
A: retaliatory headbutt, horns 2, agile 1, deterioration 1, robust 1
a: Berserk, Trog's Hand, Brothers in Arms, Burn Spellbooks, Renounce Religion


You were on level 11 of the Dungeon.
You worshipped Trog.
Trog was greatly pleased with you.
You were not hungry.

You visited 2 branches of the dungeon, and saw 13 of its levels.

You collected 601 gold pieces.
You spent 171 gold pieces at shops.

Inventory:

Hand Weapons
 a - a +0 long sword
 d - a +1 shortbow of freezing
 h - a +0 lajatang
 p - a +2 dagger of venom
 C - a +3 antimagic spear
 N - a +2 hand axe of chopping
 P - a +2 hand axe of chopping
 S - the +3 dagger of Fimbulwinter (weapon) {pierce, rElec Str+3 Int-4}
   (You found it on level 11 of the Dungeon)

   It inflicts extra damage upon your enemies.
   It affects your strength (+3).
   It affects your intelligence (-4).
   It insulates you from electricity.
 W - a +0 war axe of freezing
 X - the cursed +13 scythe of Curses {drain, *Curse}
   (You found it on level 12 of the Dungeon)

   A truly terrible weapon, it drains the life of those it strikes.
   It curses itself when equipped.
   It has a curse placed upon it.
Missiles
 t - 73 arrows
 T - a javelin of penetration (quivered)
 V - 4 tomahawks
Armour
 l - the +1 pair of gloves of Orthodoxy (worn) {rN+ MP+9 Dex+3}
   (You found it on level 9 of the Dungeon)

   It affects your dexterity (+3).
   It protects you from negative energy.
   It affects your magic capacity (+9).
 x - a +0 troll leather armour
 D - a +3 scale mail (worn)
 O - the +0 buckler "Ockoy" (worn) {*Contam rPois Int+4}
   (You bought it in a shop on level 7 of the Dungeon)

   It affects your intelligence (+4).
   It protects you from poison.
   It causes magical contamination when unequipped.
 Q - a +1 pair of boots (worn)
 R - a +2 cloak (worn)
Jewellery
 m - a ring of see invisible (left hand)
 B - a ring of protection from cold (right hand)
 J - an uncursed ring of ice
Wands
 q - a wand of random effects (47/48)
 u - a wand of random effects (30/48)
 E - a wand of paralysis (20/24)
 U - a wand of random effects (33/48)
Scrolls
 c - a scroll of noise {unknown}
 e - 5 scrolls of fear
 i - a scroll of enchant weapon {unknown}
 n - 6 scrolls of identify
 o - 6 scrolls of recharging
 r - 2 scrolls of random uselessness {unknown}
 s - 2 scrolls of enchant armour {unknown}
 v - 2 scrolls of immolation {unknown}
 w - 7 scrolls of remove curse
 y - 4 scrolls of amnesia
 G - a scroll of blinking {unknown}
 H - a scroll of magic mapping {unknown}
 I - a scroll of silence {unknown}
 L - a scroll of fog
 M - 3 scrolls of teleportation
Potions
 b - 2 potions of cancellation
 g - 2 potions of flight
 j - 6 potions of curing
 z - 2 potions of agility
 A - 2 potions of ambrosia
 K - a potion of lignification {unknown}
 Y - a potion of might
Comestibles
 f - 13 bread rations
 k - 8 meat rations
 F - 5 royal jellies


   Skills:
 + Level 10.1 Fighting
 + Level 2.5(8.8) Short Blades
 + Level 13.7(13.9) Long Blades
 + Level 0.8 Throwing
 + Level 9.5 Armour
 + Level 6.2 Dodging
 + Level 2.9 Stealth
 + Level 9.8 Shields


You had 10 spell levels left.
You didn't know any spells.

Dungeon Overview and Level Annotations

Branches:
Dungeon (12/15)            Temple (1/1) D:4            Lair (0/6) D:11
    Orc (0/2) D:12

Altars:
Ashenzari
Cheibriados
Dithmenos
Elyvilon
Fedhas
Gozag
Hepliaklqana
Kikubaaqudgha
Makhleb
Nemelex Xobeh
Okawaru
Qazlal
Ru
Sif Muna
Trog
Uskayaw
Vehumet
Xom
Yredelemnul
Zin
The Shining One

Shops:
D:7 [


Innate Abilities, Weirdness & Mutations

You reflexively headbutt those who attack you in melee.
You have a pair of horns on your head.
You are agile. (Dex +2)
Your body sometimes deteriorates upon taking damage.
You are robust. (+10% HP)


Message History

Trog accepts your kill.
The orc priest calls down the wrath of Beogh upon you.
Beogh smites you!
* * * LOW HITPOINT WARNING * * *
An orc comes into view. It is wielding a whip.
The orc priest invokes the aid of Beogh against you.
Pain shoots through your body!
* * * LOW HITPOINT WARNING * * *
Throwing (i - inventory. (,) - cycle):
T - 2 javelins of penetration (quivered)
Press: ? - help, Shift-Dir - straight line, f - orc priest
Aim: an orc priest, wearing a ring mail You throw a javelin of penetration.
The javelin of penetration pierces through the orc priest.
The orc priest is moderately wounded.
The orc priest mumbles some strange prayers to Beogh against you.
Beogh smites you!
* * * LOW HITPOINT WARNING * * *
You feel yourself speed up.
The orc warrior hits you with a battleaxe!!
You die...

#.# #.##.####.##.# #.# #.##.#
#.##[# #### #.# #.##.## #.##[##
#### ...# #.# #.....# #.#...##
#... ##.# #.#
#..#..###.>....#####.##
#.###.####..#...)...........#.##
#.......................###.#..#
#####.######...#####...## #.##.#
#.### #....@..###.## #.##.#
##...###o..o##.##..# #.##.#
#........#.###.##.## #.##.#
#.##.##..#o# #.##.# #.##.#
##.##.##..#.# #.##.# #.##.#
#.........o.###.##.######.##.#
#..##.##.................)....
#..##.##)...##############....
#...........# #....


You could see an orc warrior, an orc priest and an orc.

Vanquished Creatures
  A hydra (D:12)
  4 two-headed ogres
  The ghost of maximusg the Cleaver, a novice MiBe of Trog (D:9)
  2 gargoyles
  3 trolls
  A hippogriff (D:11)
  A vampire (D:11)
  A shadow (D:11)
  16 yaks
  A wyvern (D:10)
  The ghost of slep the Slasher, an amateur DsGl (D:4)
  A water moccasin (D:10)
  2 hell hounds (D:11)
  5 orc warriors
  3 sky beasts
  A phantom (D:7)
  2 ice beasts
  5 ogres
  4 centaurs
  4 big kobolds
  A gnoll sergeant (D:10)
  6 bullfrogs
  2 scorpions
  6 killer bees (D:8)
  An electric eel (D:12)
  7 crimson imps
  4 howler monkeys
  A centaur zombie (D:11)
  A quasit (D:8)
  A jelly (D:11)
  7 orc priests
  A centaur skeleton (D:8)
  Crazy Yiuf (D:7)
  A bullfrog skeleton (D:11)
  9 hounds
  A gnoll shaman (D:7)
  5 iguanas
  Natasha (thrice) (D:2)
  10 orc wizards
  6 worker ants
  A howler monkey zombie (D:6)
  A worker ant zombie (D:6)
  19 gnolls
  11 adders
  A shadow imp (D:5)
  An ooze (D:7)
  An adder zombie (D:7)
  5 dart slugs
  7 leopard geckos
  35 orcs
  2 ball pythons
  8 bats
  12 giant cockroaches
  7 goblins
  7 hobgoblins
  5 quokkas
  5 frilled lizards
  A jackal skeleton (D:7)
  26 kobolds
  A leopard gecko zombie (D:5)
  A quokka skeleton (D:3)
  8 rats
298 creatures vanquished.

Vanquished Creatures (others)
  A yak (D:11)
1 creature vanquished.

Grand Total: 299 creatures vanquished

Notes
Turn   | Place    | Note
-------+----------+-------------------------------------------
     0 | D:1      | slep the Minotaur Fighter began the quest for the Orb.
     0 | D:1      | Reached XP level 1. HP: 19/19 MP: 0/0
   113 | D:1      | Reached XP level 2. HP: 20/27 MP: 1/1
   230 | D:1      | Reached skill level 3 in Long Blades
   335 | D:1      | Reached XP level 3. HP: 33/33 MP: 2/2
   898 | D:2      | Noticed Natasha
   902 | D:2      | Killed Natasha
   902 | D:2      | Reached skill level 1 in Dodging
   902 | D:2      | Reached XP level 4. HP: 35/40 MP: 3/3
  1118 | D:2      | Noticed Natasha
  1122 | D:2      | Killed Natasha
  1122 | D:2      | Reached skill level 4 in Long Blades
  1261 | D:2      | Noticed Natasha
  1266 | D:2      | Killed Natasha
  1357 | D:3      | Reached XP level 5. HP: 39/47 MP: 4/4
  1483 | D:3      | Reached skill level 5 in Long Blades
  1598 | D:3      | Reached skill level 5 in Shields
  1603 | D:3      | Found a deep blue altar of Sif Muna.
  1684 | D:3      | Reached XP level 6. HP: 39/53 MP: 5/5
  2076 | D:4      | Noticed slep's ghost (amateur DsGl)
  2086 | D:4      | Killed slep's ghost
  2103 | D:4      | Found a staircase to the Ecumenical Temple.
  2129 | Temple   | Entered the Ecumenical Temple
  2136 | Temple   | Reached skill level 5 in Armour
  2256 | Temple   | Became a worshipper of Trog the Wrathful
  2674 | D:4      | Reached XP level 7. HP: 60/60 MP: 6/6
  2709 | D:4      | Found a shattered altar of Ashenzari.
  2733 | D:4      | Reached skill level 6 in Long Blades
  2767 | D:4      | Found a blossoming altar of Fedhas.
  2989 | D:5      | Entered Level 5 of the Dungeon
  3001 | D:5      | Reached skill level 5 in Fighting
  3005 | D:5      | Gained mutation: You evolve. [mutagenic meat]
  3006 | D:5      | Gained mutation: You are robust. (+10% HP) [mutagenic meat]
  3007 | D:5      | Gained mutation: Scrolls take you a little longer to read. [mutagenic meat]
  3015 | D:5      | Found an opulent altar of Gozag.
  3031 | D:5      | Reached skill level 7 in Long Blades
  3059 | D:5      | Gained mutation: You have an increased reservoir of magic. (+10% MP) [evolution]
  3059 | D:5      | Lost mutation: You evolve. [end of evolution]
  3113 | D:5      | Reached * piety under Trog
  3157 | D:5      | Reached XP level 8. HP: 29/77 MP: 7/7
  3557 | D:6      | Reached skill level 8 in Long Blades
  3916 | D:7      | Found Igawkoku's Antique Armour Shoppe.
  4251 | D:7      | Reached ** piety under Trog
  4267 | D:7      | Reached skill level 9 in Long Blades
  4323 | D:7      | Bought a bloodstained buckler for 171 gold pieces
  4337 | D:7      | Identified the +0 buckler "Ockoy" {*Contam rPois Int+4} (You bought it in a shop on level 7 of the Dungeon)
  4491 | D:7      | Reached XP level 9. HP: 58/85 MP: 8/8
  4646 | D:7      | Reached skill level 1 in Stealth
  4658 | D:7      | Found a runed door.
  4664 | D:7      | Noticed Crazy Yiuf
  4669 | D:7      | Killed Crazy Yiuf
  5024 | D:8      | Reached skill level 10 in Long Blades
  5330 | D:8      | Found a snail-covered altar of Cheibriados.
  5376 | D:8      | Reached *** piety under Trog
  5980 | D:9      | Found a shimmering altar of Xom.
  6022 | D:9      | Got a pair of faintly glowing gloves
  6028 | D:9      | Identified the +1 pair of gloves of Orthodoxy {rN+ MP+9 Dex+3} (You found it on level 9 of the Dungeon)
  6040 | D:9      | Noticed maximusg's ghost (novice MiBe)
  6048 | D:9      | Killed maximusg's ghost
  6048 | D:9      | Reached skill level 11 in Long Blades
  6048 | D:9      | Reached XP level 10. HP: 82/96 MP: 10/10
  6107 | D:9      | Noticed a two-headed ogre
  6124 | D:9      | Killed a two-headed ogre
  6300 | D:9      | Reached skill level 5 in Dodging
  6306 | D:9      | Reached skill level 12 in Long Blades
  6823 | D:10     | Entered Level 10 of the Dungeon
  6864 | D:10     | Reached **** piety under Trog
  6972 | D:10     | Received a gift from Trog
  7223 | D:10     | Noticed a two-headed ogre
  7242 | D:10     | Killed a two-headed ogre
  7242 | D:10     | Reached XP level 11. HP: 52/106 MP: 11/11
  7522 | D:10     | Noticed a two-headed ogre
  7532 | D:10     | Killed a two-headed ogre
  7532 | D:10     | Reached skill level 13 in Long Blades
  7539 | D:10     | Gained mutation: You are somewhat resistant to further mutation. [mutagenic meat]
  7940 | D:10     | Lost mutation: You are somewhat resistant to further mutation. [potion of mutation]
  7940 | D:10     | Lost mutation: Scrolls take you a little longer to read. [potion of mutation]
  7940 | D:10     | Lost mutation: You have an increased reservoir of magic. (+10% MP) [potion of mutation]
  7940 | D:10     | Gained mutation: You are agile. (Dex +2) [potion of mutation]
  7940 | D:10     | Lost mutation: You are agile. (Dex +2) [potion of mutation]
  7940 | D:10     | Gained mutation: You are agile. (Dex +2) [potion of mutation]
  7941 | D:10     | Lost mutation: You are robust. (+10% HP) [potion of mutation]
  7941 | D:10     | Lost mutation: You are agile. (Dex +2) [potion of mutation]
  7941 | D:10     | Gained mutation: Your body sometimes deteriorates upon taking damage. [potion of mutation]
  7941 | D:10     | Gained mutation: You are agile. (Dex +2) [potion of mutation]
  7941 | D:10     | Gained mutation: You are robust. (+10% HP) [potion of mutation]
  8316 | D:11     | Got a shimmering dagger
  8317 | D:11     | Identified the +3 dagger of Fimbulwinter {pierce, rElec Str+3 Int-4} (You found it on level 11 of the Dungeon)
  8482 | D:11     | Found a staircase to the Lair.
  8996 | D:12     | Noticed an eight-headed hydra
  9012 | D:12     | Killed an eight-headed hydra
  9012 | D:12     | Reached skill level 10 in Fighting
  9012 | D:12     | Reached skill level 1 in Short Blades
  9155 | D:12     | Found a staircase to the Orcish Mines.
  9161 | D:12     | Noticed an orc knight
  9217 | D:11     | Noticed a two-headed ogre
  9231 | D:11     | Killed a two-headed ogre
  9280 | D:11     | HP: 2/108 [orc priest/divine providence (8)]
  9281 | D:11     | Demolished by an orc warrior

Skill      XL: |  1  2  3  4  5  6  7  8  9 10 11 |
---------------+----------------------------------+-----
Fighting       | 4 5 6 7 9 10 | 10.1
Long Blades    | 3 4 5 7 9 11 12 13 | 13.7
Shields        | 4 5 6 7 8 9 |  9.8
Armour         | 4 5 6 7 8 9 |  9.5
Dodging        | 1 2 3 4 5 6 |  6.2
Stealth        | 1 2 |  2.9
Short Blades   | 2 |  2.5
Throwing       | |  0.8

Action                   |  1- 3 |  4- 6 |  7- 9 | 10-12 || total
-------------------------+-------+-------+-------+-------++-------
Melee: Long sword        |    98 |   147 |   377 |   267 ||   889
       Headbutt          |    11 |    27 |    91 |   128 ||   257
       Dagger            |       |       |       |   131 ||   131
Throw: Throwing net      |       |       |       |     2 ||     2
       Javelin           |       |       |       |     1 ||     1
Invok: Burn Spellbooks   |       |       |     1 |       ||     1
  Use: Potion            |       |     2 |     8 |     6 ||    16
       Scroll            |       |       |     2 |     5 ||     7
 Stab: Sleeping          |       |       |     1 |       ||     1
       Held in net/web   |       |       |       |     2 ||     2
  Eat: Chunk             |       |     6 |    14 |    13 ||    33
Armor: Scale mail        |    43 |    60 |   132 |   130 ||   365
Dodge: Dodged            |    31 |    38 |   166 |   183 ||   418
Block: Shield            |    44 |    76 |   102 |       ||   222
       Buckler           |       |       |    51 |    99 ||   150
       Rpst.: Long sword |    10 |     9 |    50 |    35 ||   104
